General information
- name: BNet
- type: Ladder team game (AT/RT)
- host: Battle.net
- saver: Augustus
map: TwilightRuins
- players: 8
- length: 36:03
- speed: Fast
- version: 1.26 W3XP
- replay type: Public
» download(212 KB)
Players
team 1 (winner)

»
Destronoyzer (
teal | 68 APM | 1819 actions | 26:33)
8 Paladin
3 Holy Light
3 Divine Shield
1 Resurrection
1 Devotion Aura
3 Mountain King
2 Storm Bolt
1 Bash
» actions
| Assign group hotkey | 35 | |
| Basic commands | 229 | |
| Build / train | 77 | |
| ESC pressed | 3 | |
| Enter build submenu | 30 | |
| Enter hero's abilities submenu | 11 | |
| Give item / drop item | 2 | |
| Right click | 489 | |
| Select / deselect | 373 | |
| Select group hotkey | 477 | |
| Use ability | 93 | |
1819 total
» units
| Peasant | 19 | |
| Footman | 4 | |
| Crypt Fiend | 1 | |
| Gryphon Rider | 14 | |
| Dragonhawk Rider | 1 | |
39 total
» upgrades
| Creature Carapace | 1 | |
| Lumber Harvesting | 2 | |
| Swords | 3 | |
| Storm Hammers | 1 | |
| Armor | 1 | |
8 total
» buildings
| Altar of Kings | 1 | |
| Barracks | 1 | |
| Farm | 11 | |
| Keep | 1 | |
| Town Hall | 1 | |
| Lumber Mill | 1 | |
| Blacksmith | 1 | |
| Scout Tower | 6 | |
| Castle | 1 | |
| Gryphon Aviary | 4 | |
| Black Citadel | 1 | |
| Arcane Vault | 1 | |
| Arcane Tower | 2 | |
| Guard Tower | 3 | |
35 total
» build order
00:15 Altar of Kings
00:28 Barracks
00:42 Farm
01:02 Farm
01:47 Farm
03:37 Keep
04:02 Town Hall
04:56 Lumber Mill
04:59 Blacksmith
05:01 Scout Tower
05:02 Scout Tower
06:00 Castle
06:04 Gryphon Aviary
06:06 Gryphon Aviary
06:31 Farm
06:33 Farm
06:50 Black Citadel
07:12 Farm
07:13 Farm
07:33 Arcane Vault
08:58 Gryphon Aviary
09:22 Arcane Tower
09:24 Scout Tower
09:26 Farm
10:30 Guard Tower
10:33 Gryphon Aviary
11:43 Farm
11:46 Farm
13:42 Scout Tower
13:44 Scout Tower
14:13 Guard Tower
14:15 Scout Tower
14:17 Arcane Tower
17:09 Guard Tower
20:30 Farm
» items
| Lesser Clarity Potion | 3 | |
| Orb of Fire | 1 | |
| Potion of Healing | 2 | |
| Potion of Mana | 2 | |
8 total
sooo-hot (
purple | 43 APM | 1557 actions | 36:03)
6 Archmage
1 Summon Water Elemental
3 Brilliance Aura
1 Blizzard
1 Mass Teleport
5 Death Knight
2 Death Coil
3 Unholy Aura
» actions
| Build / train | 112 | |
| Enter build submenu | 34 | |
| Enter hero's abilities submenu | 11 | |
| Give item / drop item | 2 | |
| Remove unit from queue | 1 | |
| Right click | 580 | |
| Select / deselect | 532 | |
| Use ability | 284 | |
1557 total
» units
| Peasant | 12 | |
| Footman | 7 | |
| Crypt Fiend | 7 | |
| Rifleman | 22 | |
| Gargoyle | 1 | |
| Spell Breaker | 6 | |
| Acolyte | 1 | |
| Frost Wyrm | 3 | |
| Sorceress | 3 | |
62 total
» upgrades
| Creature Attack | 3 | |
| Gunpowder | 3 | |
| Armor | 4 | |
| Web | 1 | |
| Long Rifles | 1 | |
| Lumber Harvesting | 2 | |
| Burrow | 1 | |
| Masonry | 2 | |
| Creature Carapace | 1 | |
| Magic Sentry | 1 | |
| Control Magic | 1 | |
| Sorceress Training | 2 | |
22 total
» buildings
| Altar of Kings | 1 | |
| Barracks | 1 | |
| Farm | 9 | |
| Scout Tower | 9 | |
| Arcane Tower | 1 | |
| Lumber Mill | 1 | |
| Blacksmith | 1 | |
| Arcane Vault | 1 | |
| Halls of the Dead | 1 | |
| Ziggurat | 3 | |
| Town Hall | 1 | |
| Spirit Tower | 3 | |
| Keep | 1 | |
| Arcane Sanctum | 1 | |
| Sacrificial Pit | 1 | |
| Guard Tower | 6 | |
| Castle | 1 | |
| Boneyard | 1 | |
43 total
» build order
00:13 Altar of Kings
00:18 Barracks
00:28 Farm
01:02 Farm
01:36 Farm
01:53 Scout Tower
01:58 Scout Tower
02:20 Farm
02:27 Arcane Tower
02:58 Lumber Mill
03:06 Blacksmith
03:21 Arcane Vault
04:20 Halls of the Dead
04:52 Ziggurat
04:54 Ziggurat
05:09 Farm
05:30 Town Hall
05:45 Spirit Tower
05:47 Spirit Tower
06:38 Keep
06:49 Spirit Tower
09:24 Arcane Sanctum
10:36 Sacrificial Pit
10:48 Scout Tower
11:20 Guard Tower
11:36 Castle
12:17 Boneyard
12:58 Scout Tower
13:02 Scout Tower
13:33 Scout Tower
13:34 Guard Tower
13:36 Farm
14:09 Guard Tower
14:11 Farm
14:27 Farm
14:30 Scout Tower
14:31 Guard Tower
16:53 Ziggurat
17:18 Scout Tower
17:19 Guard Tower
17:47 Guard Tower
17:49 Scout Tower
21:35 Farm
» items
SkullFucI(er (
yellow | 77 APM | 2793 actions | 36:02)
7 Blademaster
3 Wind Walk
3 Critical Strike
1 Bladestorm
» actions
| Assign group hotkey | 109 | |
| Basic commands | 271 | |
| Build / train | 58 | |
| Enter build submenu | 37 | |
| Enter hero's abilities submenu | 7 | |
| Give item / drop item | 7 | |
| Remove unit from queue | 1 | |
| Right click | 1107 | |
| Select / deselect | 300 | |
| Select group hotkey | 765 | |
| Use ability | 131 | |
2793 total
» units
| Peon | 8 | |
| Grunt | 4 | |
| Goblin Shredder | 1 | |
| Wind Rider | 7 | |
20 total
» upgrades
| Reinforced Defenses | 1 | |
| Ranged Weapons | 3 | |
| Armor | 3 | |
| Envenomed Spears | 1 | |
8 total
» buildings
| Orc Burrow | 7 | |
| Altar of Storms | 1 | |
| Barracks | 1 | |
| Voodoo Lounge | 1 | |
| War Mill | 2 | |
| Stronghold | 1 | |
| Watch Tower | 25 | |
| Great Hall | 3 | |
| Fortress | 1 | |
| Beastiary | 5 | |
47 total
» build order
00:14 Orc Burrow
00:43 Altar of Storms
01:11 Barracks
01:22 Orc Burrow
01:36 Voodoo Lounge
02:46 War Mill
03:10 Stronghold
04:13 Watch Tower
04:15 Watch Tower
05:25 Orc Burrow
05:31 Great Hall
06:02 Watch Tower
07:33 Watch Tower
07:35 Watch Tower
07:36 Watch Tower
07:37 Watch Tower
09:31 Fortress
09:34 Beastiary
09:35 Beastiary
09:37 Beastiary
09:42 Beastiary
09:43 Beastiary
12:22 War Mill
14:54 Great Hall
15:00 Watch Tower
15:00 Watch Tower
15:01 Watch Tower
15:02 Watch Tower
15:02 Watch Tower
15:02 Watch Tower
15:03 Watch Tower
15:04 Watch Tower
15:04 Watch Tower
15:05 Watch Tower
15:05 Watch Tower
15:27 Watch Tower
15:27 Watch Tower
15:28 Watch Tower
15:28 Watch Tower
18:36 Orc Burrow
18:37 Orc Burrow
18:41 Orc Burrow
21:18 Orc Burrow
26:53 Great Hall
26:56 Watch Tower
» items
| Healing Salve | 6 | |
| Boots of Speed | 1 | |
| Lesser Clarity Potion | 3 | |
| Scroll of Healing | 1 | |
| Periapt of Vitality | 1 | |
| Potion of Lesser Invulnerability | 1 | |
| Scroll of Protection | 1 | |
| Potion of Healing | 1 | |
| Potion of Mana | 1 | |
| Scroll of Town Portal | 1 | |
| Orb of Corruption | 1 | |
| Staff of Teleportation | 1 | |
19 total

»
laggin2 (
red | 17 APM | 56 actions | 03:20)
» actions
| Build / train | 8 | |
| ESC pressed | 1 | |
| Enter build submenu | 8 | |
| Right click | 20 | |
| Select / deselect | 13 | |
| Use ability | 6 | |
56 total
» units
| Acolyte | 2 | |
| Ghoul | 2 | |
| Crypt Fiend | 2 | |
6 total
» buildings
| Graveyard | 1 | |
| Crypt | 1 | |
| Ziggurat | 2 | |
| Altar of Darkness | 1 | |
| Tomb of Relics | 1 | |
| Nerubian Tower | 1 | |
7 total
» build order
00:13 Graveyard
00:29 Crypt
00:56 Ziggurat
01:04 Altar of Darkness
01:37 Tomb of Relics
01:51 Ziggurat
01:57 Nerubian Tower
team 2 (loser)
Art_of_Torture (
green | 34 APM | 1225 actions | 36:03)
4 Paladin
2 Holy Light
1 Divine Shield
1 Devotion Aura
3 Firelord
2 Summon Lava Spawn
1 Soul Burn
» actions
| Basic commands | 84 | |
| Build / train | 75 | |
| Enter build submenu | 13 | |
| Enter hero's abilities submenu | 7 | |
| Give item / drop item | 1 | |
| Remove unit from queue | 4 | |
| Right click | 646 | |
| Select / deselect | 314 | |
| Use ability | 81 | |
1225 total
» units
| Peasant | 19 | |
| Footman | 13 | |
| Rifleman | 9 | |
| Sorceress | 3 | |
| Priest | 5 | |
49 total
» upgrades
| Gunpowder | 1 | |
| Priest Training | 2 | |
3 total
» buildings
| Altar of Kings | 1 | |
| Barracks | 1 | |
| Farm | 7 | |
| Keep | 1 | |
| Blacksmith | 1 | |
| Lumber Mill | 1 | |
| Arcane Sanctum | 1 | |
| Castle | 1 | |
14 total
» build order
00:08 Altar of Kings
00:10 Barracks
00:17 Farm
01:35 Farm
02:08 Farm
02:54 Farm
03:14 Keep
03:39 Blacksmith
04:11 Lumber Mill
05:13 Farm
05:43 Arcane Sanctum
05:47 Castle
06:22 Farm
07:12 Farm
» items
t.gu (
orange | 42 APM | 741 actions | 17:33)
5 Archmage
2 Summon Water Elemental
2 Brilliance Aura
1 Blizzard
» actions
| Assign group hotkey | 14 | |
| Basic commands | 66 | |
| Build / train | 55 | |
| Enter build submenu | 23 | |
| Enter hero's abilities submenu | 5 | |
| Right click | 189 | |
| Select / deselect | 175 | |
| Select group hotkey | 176 | |
| Use ability | 38 | |
741 total
» units
| Peasant | 12 | |
| Footman | 5 | |
| Goblin Shredder | 1 | |
| Knight | 3 | |
| Flying Machine | 19 | |
40 total
» upgrades
| Swords | 3 | |
| Animal War Training | 1 | |
| Plating | 1 | |
| Gunpowder | 1 | |
| Flak Cannons | 1 | |
7 total
» buildings
| Lumber Mill | 1 | |
| Altar of Kings | 1 | |
| Barracks | 4 | |
| Farm | 13 | |
| Keep | 1 | |
| Town Hall | 2 | |
| Arcane Vault | 1 | |
| Blacksmith | 1 | |
| Castle | 1 | |
| Workshop | 3 | |
28 total
» build order
00:33 Lumber Mill
00:43 Altar of Kings
00:59 Barracks
01:13 Farm
01:28 Farm
02:08 Farm
02:49 Farm
03:53 Keep
04:33 Town Hall
04:43 Arcane Vault
04:47 Blacksmith
06:26 Castle
06:31 Barracks
06:35 Barracks
07:11 Barracks
07:16 Farm
07:18 Farm
07:19 Farm
07:20 Farm
09:28 Town Hall
10:06 Farm
10:07 Farm
10:11 Farm
10:12 Farm
10:13 Farm
12:24 Workshop
12:27 Workshop
12:33 Workshop

»
MotownJackets (
pink | 46 APM | 788 actions | 17:14)
5 Blademaster
3 Wind Walk
2 Critical Strike
» actions
| Assign group hotkey | 6 | |
| Basic commands | 4 | |
| Build / train | 39 | |
| Enter build submenu | 15 | |
| Enter hero's abilities submenu | 5 | |
| Give item / drop item | 1 | |
| Right click | 426 | |
| Select / deselect | 214 | |
| Select group hotkey | 26 | |
| Use ability | 52 | |
788 total
» units
| Peon | 8 | |
| Grunt | 5 | |
| Shaman | 2 | |
| Tauren | 2 | |
17 total
» upgrades
| Melee Weapons | 2 | |
| Armor | 2 | |
| Shaman Training | 2 | |
| Pulverize | 1 | |
7 total
» buildings
| Orc Burrow | 5 | |
| Altar of Storms | 1 | |
| Barracks | 1 | |
| Voodoo Lounge | 1 | |
| War Mill | 1 | |
| Watch Tower | 2 | |
| Stronghold | 1 | |
| Fortress | 1 | |
| Spirit Lodge | 1 | |
| Tauren Totem | 2 | |
16 total
» build order
00:07 Orc Burrow
00:34 Altar of Storms
01:04 Orc Burrow
01:25 Barracks
01:45 Voodoo Lounge
02:10 War Mill
02:55 Orc Burrow
03:48 Watch Tower
04:37 Stronghold
05:03 Watch Tower
05:26 Orc Burrow
06:13 Orc Burrow
07:05 Fortress
07:11 Spirit Lodge
10:46 Tauren Totem
10:48 Tauren Totem
» items
| Healing Salve | 3 | |
| Scroll of Town Portal | 1 | |
| Boots of Speed | 1 | |
| Lesser Clarity Potion | 1 | |
| Orb of Lightning | 1 | |
7 total
Augustus (
blue | 94 APM | 3408 actions | 36:03)
7 Death Knight
3 Death Coil
3 Unholy Aura
1 Animate Dead
5 Lich
3 Frost Nova
2 Frost Armor
» actions
| Assign group hotkey | 37 | |
| Basic commands | 90 | |
| Build / train | 151 | |
| ESC pressed | 8 | |
| Enter build submenu | 63 | |
| Enter hero's abilities submenu | 12 | |
| Give item / drop item | 9 | |
| Right click | 1599 | |
| Select / deselect | 644 | |
| Select group hotkey | 630 | |
| Use ability | 165 | |
3408 total
» units
| Acolyte | 24 | |
| Ghoul | 3 | |
| Crypt Fiend | 14 | |
| Goblin Shredder | 4 | |
| Frost Wyrm | 3 | |
48 total
» upgrades
| Creature Attack | 3 | |
| Creature Carapace | 3 | |
| Web | 1 | |
| Burrow | 1 | |
| Destroyer Form | 1 | |
| Disease Cloud | 1 | |
| Freezing Breath | 1 | |
| Ghoul Frenzy | 1 | |
| Spiked Barricades | 1 | |
| Unholy Armor | 3 | |
| Unholy Strength | 3 | |
| Cannibalize | 1 | |
| Stone Form | 1 | |
| Exhume Corpses | 1 | |
| Ranged Weapons | 1 | |
23 total
» buildings
| Altar of Darkness | 1 | |
| Graveyard | 1 | |
| Ziggurat | 34 | |
| Crypt | 1 | |
| Tomb of Relics | 1 | |
| Nerubian Tower | 3 | |
| Halls of the Dead | 3 | |
| Spirit Tower | 30 | |
| Necropolis | 4 | |
| Black Citadel | 6 | |
| Sacrificial Pit | 3 | |
| Slaughterhouse | 3 | |
| Boneyard | 4 | |
94 total
» build order
00:08 Altar of Darkness
00:14 Graveyard
00:36 Ziggurat
00:56 Crypt
01:14 Tomb of Relics
01:38 Nerubian Tower
02:15 Ziggurat
03:20 Ziggurat
06:34 Ziggurat
07:47 Halls of the Dead
07:47 Halls of the Dead
07:53 Spirit Tower
08:25 Ziggurat
08:57 Ziggurat
08:59 Ziggurat
09:23 Spirit Tower
09:50 Spirit Tower
09:50 Spirit Tower
09:50 Spirit Tower
10:22 Ziggurat
10:23 Ziggurat
10:47 Necropolis
11:16 Black Citadel
11:16 Black Citadel
11:17 Black Citadel
11:24 Spirit Tower
11:24 Spirit Tower
11:25 Spirit Tower
11:27 Ziggurat
11:28 Ziggurat
11:30 Necropolis
12:02 Spirit Tower
12:03 Spirit Tower
12:21 Sacrificial Pit
12:25 Nerubian Tower
12:26 Spirit Tower
13:36 Slaughterhouse
13:38 Slaughterhouse
13:40 Slaughterhouse
13:42 Ziggurat
14:46 Necropolis
14:51 Spirit Tower
14:52 Boneyard
14:56 Boneyard
16:40 Ziggurat
16:41 Ziggurat
16:43 Ziggurat
16:49 Ziggurat
16:50 Ziggurat
17:34 Nerubian Tower
17:34 Spirit Tower
17:37 Spirit Tower
17:37 Spirit Tower
17:37 Spirit Tower
17:57 Spirit Tower
18:35 Ziggurat
18:36 Ziggurat
18:37 Ziggurat
18:39 Ziggurat
18:40 Ziggurat
19:42 Spirit Tower
19:42 Spirit Tower
19:43 Spirit Tower
19:49 Spirit Tower
20:55 Ziggurat
20:56 Ziggurat
20:57 Ziggurat
20:58 Ziggurat
21:28 Boneyard
21:30 Boneyard
22:26 Spirit Tower
22:27 Spirit Tower
22:29 Ziggurat
22:31 Ziggurat
22:32 Ziggurat
22:33 Ziggurat
23:41 Spirit Tower
23:41 Spirit Tower
23:59 Sacrificial Pit
26:16 Sacrificial Pit
27:04 Ziggurat
27:05 Ziggurat
27:06 Ziggurat
27:07 Ziggurat
28:10 Necropolis
30:00 Spirit Tower
» items
| Rod of Necromancy | 3 | |
| Staff of Teleportation | 3 | |
| Potion of Healing | 2 | |
| Gauntlets of Ogre Strength +3 | 3 | |
| Mana Stone | 1 | |
| Mantle of Intelligence +3 | 1 | |
| Gloves of Haste | 1 | |
| Sentry Wards | 1 | |
| Orb of Corruption | 1 | |
| Scroll of Town Portal | 1 | |
17 total
Chat log
(00:15 / Allies) MotownJackets: melee
(00:38 / All) SkullFucI(er: Which Batman by Nolan do you guys find to be the best?
(00:44 / All) laggin2: the first
(00:48 / Allies) Art_of_Torture: rush?
(00:49 / Allies) Augustus: no
(01:05 / All) SkullFucI(er: Bane was my favorite villain
(01:15 / All) Destronoyzer: i like barbie 3
(02:04 / All) SkullFucI(er: why so laggy?
(02:14 / All) laggin2: i dunno trash account to try and troubleshoot it
(02:15 / All) sooo-hot: wireless dsl ?
(02:22 / All) laggin2: no cable moden 1 gbpm
(02:30 / All) sooo-hot: maybe router ?
(02:40 / All) laggin2: maybe i could try resetting it
(02:44 / All) laggin2: windows 7
(02:58 / All) laggin2: it was working fine a month ago
(04:38 / Allies) Art_of_Torture: u takin that im guessin blue?
(07:34 / Allies) Art_of_Torture: yellow got bm
(12:05 / All) Destronoyzer: gg
(12:11 / All) Augustus: not over yet
(12:42 / Allies) MotownJackets: help please
(12:48 / Allies) Art_of_Torture: omw
(13:07 / Allies) MotownJackets: thanks
(13:32 / Allies) Art_of_Torture: cant take em alone
(13:34 / All) Destronoyzer: and now ?
(13:41 / Allies) MotownJackets: thanks guys
(14:17 / Allies) MotownJackets: wow
(15:16 / Allies) MotownJackets: just going ot walk around blue?
(15:20 / Allies) Augustus: no, creeping
(15:27 / Allies) MotownJackets: good call
(15:30 / Allies) Augustus: yeah
(15:31 / Allies) MotownJackets: thakns for the hlep
(15:33 / Allies) Augustus: np
(16:16 / Allies) Art_of_Torture: blue wtf are you doing
(16:21 / Allies) Art_of_Torture: u aint that good man
(16:25 / Allies) Art_of_Torture: come fucking help us
(16:28 / Allies) Augustus: I can 1v4 it. i don't need you three
(16:41 / Allies) Art_of_Torture: oh ya u fucking faggot
(16:44 / Allies) MotownJackets: green throw me a heal please
(16:53 / Allies) Art_of_Torture: no mana
(17:11 / All) MotownJackets: keep creeping blue
(17:20 / All) Augustus: They are whining that I'm creeping
(17:23 / All) Augustus: It's entertaining
(17:34 / Allies) Art_of_Torture: lmao
(17:34 / Allies) Art_of_Torture: ya
(17:39 / Allies) Art_of_Torture: thats it
(17:40 / Allies) Augustus: I can 1v4 it. Leave.
(17:47 / Allies) Art_of_Torture: nah
(17:49 / Allies) Art_of_Torture: ill watch you lose
(18:13 / Allies) Art_of_Torture: go ahead kill me
(19:33 / Allies) Art_of_Torture: lol
(19:39 / Allies) Art_of_Torture: u lose fagggot
(19:47 / Allies) Art_of_Torture: why arent you creeping?
(19:47 / All) Augustus: It's not over yet, green
(19:54 / Allies) Art_of_Torture: why arent you creeping pro?
(20:03 / All) Destronoyzer: its over a long time oga
(20:04 / All) Augustus: No creeps left, duh
(20:06 / Allies) Art_of_Torture: pro?
(20:13 / All) Augustus: It isn't, teal. You'll know it when it happens
(20:25 / All) Art_of_Torture: hes got nothin just own him
(20:28 / All) Art_of_Torture: he sucks
(20:58 / All) Art_of_Torture: he spent the last 5 minuits just trying to kill me lol
(21:15 / Allies) Art_of_Torture: only fiends
(21:16 / Allies) Art_of_Torture: lmfao
(21:19 / Allies) Art_of_Torture: suck ass!
(21:24 / All) Augustus: I need more than 5k bro
(21:40 / Allies) Art_of_Torture: hey bro
(21:43 / Allies) Art_of_Torture: u got 5 k
(21:51 / All) Augustus: yeah, I only have 5k
(22:02 / Allies) Art_of_Torture: come on bro pro
(22:06 / Allies) Art_of_Torture: bropro
(24:17 / Allies) Art_of_Torture: lmao
(24:42 / All) SkullFucI(er: you're fucked now bitch
(24:56 / All) Art_of_Torture: get em
(24:58 / All) SkullFucI(er: gtfo faggot
(25:15 / All) Art_of_Torture: hes trying to mass frost wyrms
(25:20 / All) Augustus: no shit lol
(25:27 / All) Art_of_Torture: no shit guys
(26:35 / All) Art_of_Torture: hes pretty adamant about taking u guys 1v4
(27:30 / All) Augustus: I played terrible this game and still 1v4ed it
(27:34 / All) Augustus: very rusty at ud
(28:06 / All) SkullFucI(er: why would I?
(28:09 / All) SkullFucI(er: he is my accomplise
(28:20 / All) Art_of_Torture: lmao what
(28:22 / All) SkullFucI(er: you've been had, green
(28:29 / All) SkullFucI(er: we have been working in collusion the whole time
(28:30 / All) Augustus: Did he send you a private message?
(28:30 / All) Art_of_Torture: its all good i get the win
(28:34 / All) Augustus: No you don't
(28:35 / All) SkullFucI(er: yes
(28:36 / All) Art_of_Torture: ya i did
(28:48 / All) Art_of_Torture: in that case you guys are both faggots lmao
(28:56 / All) SkullFucI(er: We own this game
(28:58 / All) SkullFucI(er: get out, queer
(29:03 / All) Art_of_Torture: gunna go eat some dinner
(29:06 / All) SkullFucI(er: The King demands it
(29:06 / All) Art_of_Torture: thanks for the win btw
(29:12 / All) Augustus: lol
(29:12 / All) SkullFucI(er: You ain't getting a win
(29:14 / All) Augustus: Standoff?
(29:18 / All) SkullFucI(er: Aye
(34:39 / All) Augustus: 1 more acolyte
(34:49 / All) Augustus: and a random frost wyrm I forgot about
(35:09 / All) Augustus: Green, red, we have killed everything
(35:11 / All) Augustus: including our own stuff
(35:16 / All) Augustus: Neither side can kill the other
(35:22 / All) Augustus: Both of you have equal chances of winning
(36:00 / All) SkullFucI(er: Farewell
(36:02 / All) Augustus: Good luck